 Dungeon Crawl Stone Soup version 0.16.3 (console) character file.

13181 Kagalorn the Cleaver (level 11, -1/88 (92) HPs)
             Began as a Minotaur Fighter on Apr 6, 2020.
             Was a High Priest of Okawaru.
             Slain by a tentacled starspawn (3 damage)
             ... on level 1 of the Abyss.
             The game lasted 00:38:32 (11250 turns).

Kagalorn the Cleaver (Minotaur Fighter)            Turns: 11250, Time: 00:38:32

HP:   -1/88 (92)    AC: 11    Str: 24    XL:     11   Next: 72%
MP:   18/18         EV:  6    Int:  3    God:    Okawaru [*****.]
Gold: 140           SH: 12    Dex:  8    Spells: 0 memorised, 10 levels left

rFire  + + +     SeeInvis .     a - +0 broad axe
rCold  . . .     Clarity  .     u - +0 plate armour
rNeg   . . .     SustAb   +     c - +0 shield
rPois  .         Gourm    .     (helmet restricted)
rElec  .         Spirit   .     I - +0 cloak {+Inv}
rCorr  +         Warding  .     X - +0 pair of gloves
rMut   .         Stasis   .     (no boots)
MR     .....                    O - amulet of resist corrosion
Stlth  ..........               Z - ring of protection from fire
                                t - ring of sustain abilities

@: about to teleport, constricted, not resistant to hostile enchantments,
extremely unstealthy
A: retaliatory headbutt, beak, horns 2, clumsy 1, deformed body, dopey 1, fire
resistance 2, screaming 1, slow healing 2, spit poison 1, forlorn, MP-powered
wands 1
a: Spit Poison, Heroism, Finesse, Renounce Religion, Evoke Invisibility


You were on level 1 of the Abyss.
You worshipped Okawaru.
Okawaru was extremely pleased with you.
You were near starving.

You visited 2 branches of the dungeon, and saw 13 of its levels.
You visited the Abyss 1 time.

You collected 560 gold pieces.
You spent 420 gold pieces at shops.

Inventory:

Hand weapons
 a - a +0 broad axe (weapon)
 b - a +2 short sword of venom
 w - the +9 rapier of Crusades {drain, rElec rF+ MP+9 Str+4 Stlth-}
   (You found it on level 7 of the Dungeon)

   A truly terrible weapon, it drains the life of those it strikes.
   It affects your strength (+4).
   It protects you from fire.
   It insulates you from electricity.
   It affects your magic capacity (+9).
   It makes you less stealthy.
Missiles
 g - 255 stones (quivered)
 n - 41 bolts
 q - 13 poisoned bolts
 V - 5 tomahawks of dispersal
Armour
 c - a +0 shield (worn)
 u - a +0 plate armour (worn)
 I - a +0 cloak of invisibility (worn)
 X - a +0 pair of gloves (worn)
Jewellery
 l - an uncursed ring of flight
 t - a ring of sustain abilities (left hand)
 O - an amulet of resist corrosion (around neck)
 Q - an uncursed amulet of stasis
 Z - a ring of protection from fire (right hand)
Magical devices
 f - a wand of teleportation (3)
 B - a wand of digging (7)
Scrolls
 i - 7 scrolls of remove curse
 j - 3 scrolls of teleportation
 m - a scroll of enchant weapon {unknown}
 y - 3 scrolls of amnesia {unknown}
 F - a scroll of fog {unknown}
 G - 3 scrolls of magic mapping
 J - 2 scrolls of noise
 L - a scroll of blinking
 R - 2 scrolls of immolation {unknown}
 S - a scroll of recharging {unknown}
 U - 4 scrolls of fear
 Y - a scroll of random uselessness {unknown}
Potions
 e - a potion of might
 h - 5 potions of curing
 k - a potion of degeneration {unknown}
 o - a potion of invisibility {unknown}
 s - a potion of restore abilities {unknown}
 v - a potion of beneficial mutation
 A - 4 potions of heal wounds
 M - a potion of magic {unknown}
 N - a potion of poison
 P - 3 potions of brilliance
 W - a potion of cancellation {unknown}
Books
 x - a book of Callings

   Spells                             Type                      Level
   a - Summon Small Mammal            Summoning                    1
   b - Call Imp                       Summoning                    2
   c - Call Canine Familiar           Summoning                    3
   d - Summon Guardian Golem          Hexes/Summoning              4
   e - Summon Lightning Spire         Summoning/Air                4
   f - Summon Ice Beast               Ice/Summoning                4
 K - a Grand Grimoire {highlevel, unknown}

   This book is beyond your current level of understanding.

   Spells                             Type                      Level
   a - Aura of Abjuration             Summoning                    6
   b - Summon Greater Demon           Summoning                    7
   c - Malign Gateway                 Summoning/Translocation      7
   d - Summon Horrible Things         Summoning                    8
Comestibles
 d - 8 bread rations
 p - 4 royal jellies
 C - 8 fruits
 D - a beef jerky
 T - a meat ration


   Skills:
 - Level 7.6 Fighting
 * Level 14.1 Axes
 - Level 7.8 Armour
 + Level 11.8 Shields
 + Level 7.6 Invocations


You had 10 spell levels left.
You didn't know any spells.

Dungeon Overview and Level Annotations

Branches:
Dungeon (12/15)            Temple (1/1) D:5            Lair (0/8) D:9
    Orc: D:9-12

Altars:
Ashenzari
Cheibriados
Dithmenos
Elyvilon
Fedhas
Gozag
Kikubaaqudgha
Makhleb
Nemelex Xobeh
Okawaru
Qazlal
Ru
Sif Muna
Trog
Vehumet
Xom
Yredelemnul
Zin
The Shining One

Shops:
D:6 (   D:8 =   D:10 :?

Annotations:
D:12 Erolcha


Innate Abilities, Weirdness & Mutations

You reflexively headbutt those who attack you in melee.
You have a pair of horns on your head.
You have a beak for a mouth.
Your flesh is very heat resistant.
You can spit poison.
[You are clumsy. (Dex -2)]
[Armour fits poorly on your strangely shaped body.]
[You are dopey. (Int -2)]
[You occasionally shout uncontrollably at your foes.]
[You do not heal naturally when monsters are visible.]
[You have difficulty communicating with the divine.]
[You expend magic power (3 MP) to slightly strengthen your wands.]


Message History

The orb spider spins a strand of pure energy.
Tentacles burst from the starspawn's body!
The starspawn tentacle is engulfed in freezing vapours.
You block the starspawn tentacle's attack.
The starspawn tentacle is engulfed in freezing vapours.
The starspawn tentacle is destroyed!
The starspawn tentacle grabs you. The starspawn tentacle constricts you.
The starspawn tentacle loses its grip on you.
The tentacle pulls you backwards!
Splash!
A tentacle flies out from the starspawn's body!
The starspawn tentacle grabs you.
* * * LOW HITPOINT WARNING * * *
The starspawn tentacle constricts you.
The starspawn tentacle loses its grip on you.
The tentacle pulls you backwards! The starspawn tentacle grabs you.
The starspawn tentacle constricts you.
You block the tentacled starspawn's attack.
The tentacled starspawn engulfs you.
You die...

§§§§ ≈≈≈
§§§#≈≈≈≈§§§≈
§≈≈≈≈≈§§§§§§#≈
≈≈≈≈≈≈§§§§§§§≈≈♣
≈§.≈§≈≈§§≈s§§≈≈≈≈
≈≈≈≈§≈§§§≈≈§§§♣≈≈≈
.#≈≈≈≈#≈w≈#§§#≈ ≈
≈≈#§§w≈X≈≈≈≈≈#≈≈≈
≈≈≈§§§X@w2§§§§≈≈≈≈≈
≈≈§§§§w§§.§§..§≈≈≈≈
♣≈##§§##§§##§§#≈≈≈♣
#######§######≈≈§≈
#≈. ≈≈ '.. .#...
######


You could see 2 tentacled starspawn, a blizzard demon, an orb spider and 4
starspawn tentacles.

Vanquished Creatures
  Nergalle (D:10)
  A wretched star (Abyss:1)
  2 unseen horrors
  An ugly thing (D:9)
  A worldbinder (Abyss:1)
  A manticore (D:7)
  Joseph (D:10)
  A troll (D:10)
  A two-headed ogre (D:11)
  Grinder (D:3)
  5 wyverns
  6 yaks (D:11)
  A shadow (D:11)
  2 hippogriffs
  A deep elf fighter (Abyss:1)
  A small abomination (Abyss:1)
  A large abomination (Abyss:1)
  A water moccasin (D:9)
  A necrophage (D:9)
  The ghost of Sapher the Ruffian, an average TrMo (D:4)
  2 sky beasts
  3 ice beasts
  3 black bears
  4 orc warriors
  4 ogres
  2 phantoms
  An eye of draining (D:11)
  4 centaurs
  Duvessa (D:9)
  4 big kobolds
  6 giant frogs
  A brain worm (Abyss:1)
  A gnoll sergeant (D:11)
  A scorpion (D:10)
  2 jellies
  8 killer bees (D:9)
  A spriggan skeleton (D:11)
  4 wights
  A troll skeleton (D:11)
  3 goliath beetles
  Dowan (D:9)
  A quasit (D:7)
  3 crimson imps
  A giant frog zombie (D:7)
  7 centaur skeletons
  4 hounds
  7 orc priests
  9 orc wizards
  12 worker ants
  3 iguanas
  Jessica (D:3)
  Terence (D:2)
  2 worker ant zombies
  Robin (D:1)
  7 gnolls
  2 shadow imps
  12 adders
  3 worms
  An ufetubus (Abyss:1)
  2 adder skeletons
  8 giant geckos
  2 oozes
  53 orcs
  2 bat skeletons
  A bat zombie (D:6)
  A giant cockroach (D:6)
  22 hobgoblins
  15 jackals
  27 kobolds
  3 quokkas
  5 ball pythons
  A ball python skeleton (D:4)
  17 bats
  7 giant newts
  21 goblins
  A quokka zombie (D:6)
  16 rats
  2 ballistomycetes (D:11)
371 creatures vanquished.

Vanquished Creatures (others)
  A giant spore (D:11)
  3 starspawn tentacles (Abyss:1)
  47 starspawn tentacle segments (Abyss:1)
51 creatures vanquished.

Grand Total: 422 creatures vanquished

Notes
Turn   | Place    | Note
--------------------------------------------------------------
     0 | D:1      | Kagalorn, the Minotaur Fighter, began the quest for the Orb.
     0 | D:1      | Reached XP level 1. HP: 19/19 MP: 1/1
   122 | D:1      | Reached XP level 2. HP: 21/27 MP: 1/1
   638 | D:2      | Noticed Robin
   700 | D:1      | Killed Robin
   700 | D:1      | Reached skill level 4 in Fighting
   700 | D:1      | Reached XP level 3. HP: 33/33 MP: 2/2
   781 | D:2      | Noticed Terence
   786 | D:2      | Killed Terence
   834 | D:2      | Reached XP level 4. HP: 40/40 MP: 2/2
  1570 | D:3      | Noticed Grinder
  1615 | D:3      | Paralysed by Grinder for 3 turns
  1626 | D:3      | Killed Grinder
  1626 | D:3      | Reached skill level 5 in Fighting
  1626 | D:3      | Reached skill level 5 in Armour
  1626 | D:3      | Reached skill level 5 in Shields
  1626 | D:3      | Reached XP level 5. HP: 12/48 MP: 2/2
  1626 | D:3      | Reached XP level 6. HP: 14/56 MP: 3/3
  1745 | D:3      | Found an ancient bone altar of Kikubaaqudgha.
  1793 | D:3      | Found a shadowy altar of Dithmenos.
  1872 | D:3      | Noticed Jessica
  1892 | D:3      | Killed Jessica
  2053 | D:3      | Reached skill level 5 in Axes
  2080 | D:3      | Found an iron altar of Okawaru.
  2086 | D:3      | Became a worshipper of Warmaster Okawaru
  2507 | D:4      | Reached XP level 7. HP: 40/61 MP: 3/3
  2820 | D:4      | Noticed Sapher's ghost (average TrMo)
  2838 | D:4      | Killed Sapher's ghost
  2838 | D:4      | Reached skill level 6 in Fighting
  2866 | D:4      | Acquired Okawaru's first power
  3503 | D:5      | Entered Level 5 of the Dungeon
  3528 | D:5      | Reached XP level 8. HP: 71/71 MP: 3/3
  3607 | D:5      | Found a snail-covered altar of Cheibriados.
  3941 | D:5      | Found a staircase to the Ecumenical Temple.
  3966 | Temple   | Entered the Ecumenical Temple
  4116 | D:5      | Found a bloodstained altar of Trog.
  4156 | D:5      | Found a shimmering altar of Xom.
  4634 | D:6      | Reached skill level 7 in Armour
  4688 | D:6      | Found a white marble altar of Elyvilon.
  5070 | D:6      | Found Doladuepn's Antique Weapon Boutique.
  5092 | D:6      | Bought a broad axe for 76 gold pieces
  5584 | D:7      | You fall through a shaft for 2 floors!
  5686 | D:9      | Noticed a white ugly thing
  5730 | D:9      | Reached XP level 9. HP: 56/78 MP: 5/5
  5832 | D:9      | Reached skill level 8 in Axes
  5832 | D:9      | Reached skill level 1 in Invocations
  5843 | D:7      | Noticed a manticore
  5853 | D:7      | Killed a manticore
  5860 | D:7      | Reached skill level 9 in Axes
  5862 | D:7      | Got an ivory rapier
  6045 | D:7      | Gained mutation: Your flesh is heat resistant. [mutagenic meat]
  6046 | D:7      | Gained mutation: You can spit poison. [mutagenic meat]
  6047 | D:7      | Gained mutation: You have a beak for a mouth. [mutagenic meat]
  6398 | D:8      | Reached skill level 10 in Axes
  6602 | D:8      | Found Thri Klibb's Jewellery Boutique.
  6965 | D:8      | Gained mutation: [You heal slowly when monsters are visible.] [mutagenic meat]
  6966 | D:8      | Gained mutation: Your flesh is very heat resistant. [mutagenic meat]
  7193 | D:9      | Identified the +9 rapier of Crusades {drain, rElec rF+ MP+9 Str+4 Stlth-} (You found it on level 7 of the Dungeon)
  7220 | D:9      | Reached XP level 10. HP: 80/82 MP: 11/11
  7280 | D:9      | Killed a white ugly thing
  7323 | D:9      | Found a staircase to the Lair.
  7392 | D:9      | Reached skill level 11 in Axes
  7637 | D:9      | Noticed Duvessa
  7638 | D:9      | Noticed Dowan
  7645 | D:9      | Killed Duvessa
  7656 | D:9      | Killed Dowan
  7701 | D:9      | Found a glowing silver altar of Zin.
  7852 | D:9      | Found a sparkling altar of Nemelex Xobeh.
  7930 | D:10     | Entered Level 10 of the Dungeon
  7948 | D:10     | Reached skill level 5 in Invocations
  7969 | D:9      | Reached skill level 10 in Shields
  8006 | D:10     | Acquired Okawaru's second power
  8035 | D:10     | Noticed Nergalle
  8162 | D:10     | Noticed a spectral orc warlord
  8183 | D:10     | Killed Nergalle
  8183 | D:10     | Reached skill level 12 in Axes
  8210 | D:10     | Received a gift from Okawaru
  8267 | D:10     | Noticed Joseph
  8289 | D:10     | Killed Joseph
  8629 | D:10     | Found Necimo's Book Boutique.
  8841 | D:10     | Found Ceduco's Magic Scroll Shoppe.
  8850 | D:10     | Bought a scroll of blinking for 112 gold pieces
  8850 | D:10     | Bought a scroll of fear for 52 gold pieces
  8850 | D:10     | Bought 2 scrolls of fear for 105 gold pieces
  8850 | D:10     | Bought a scroll of identify for 30 gold pieces
  8850 | D:10     | Bought a scroll of identify for 30 gold pieces
  8850 | D:10     | Bought a scroll of noise for 15 gold pieces
  9114 | D:10     | Reached XP level 11. HP: 50/88 MP: 6/16
  9493 | D:10     | Killed an unseen horror
  9570 | D:11     | Reached skill level 13 in Axes
 10010 | D:11     | Found a radiant altar of Vehumet.
 10691 | D:11     | Found a runed door.
 10739 | D:11     | Killed an unseen horror
 10790 | D:12     | Noticed Erolcha
 10802 | D:12     | Cast into the Abyss (Erolcha)
 10905 | Abyss:1  | Noticed a wretched star
 10916 | Abyss:1  | Killed a wretched star
 10916 | Abyss:1  | Reached skill level 14 in Axes
 10927 | Abyss:1  | Noticed a thrashing horror
 11245 | Abyss:1  | Noticed a tentacled starspawn
 11245 | Abyss:1  | Noticed a blizzard demon
 11247 | Abyss:1  | Noticed a tentacled starspawn
 11248 | Abyss:1  | HP: 3/88 [blizzard demon] (10)]
 11250 | Abyss:1  | Slain by a tentacled starspawn

Action                   |  1- 3 |  4- 6 |  7- 9 | 10-12 || total
-------------------------+-------+-------+-------+-------++-------
Melee: War axe           |    93 |   208 |   215 |       ||   516
       Broad axe         |       |       |   202 |   270 ||   472
       Short sword       |       |       |    23 |       ||    23
       Rapier            |       |       |     5 |   135 ||   140
       Unarmed           |       |       |       |     9 ||     9
Throw: Stone             |       |       |     1 |       ||     1
Invok: Heroism           |       |       |     2 |     4 ||     6
 Abil: Spit Poison       |       |       |    10 |       ||    10
  Use: Scroll            |       |       |     8 |     6 ||    14
  Eat: Chunk             |       |     6 |    22 |     9 ||    37
       Pizza             |       |       |       |     2 ||     2
